 Dungeon Crawl Stone Soup version 0.26-a0-720-g2a1d101370 (webtiles) character file.

Game seed: 16974755467671183736

158 robertstho the Chiller (level 5, -5/37 HPs)
             Began as a Gnoll Ice Elementalist on Nov 3, 2020.
             Killed from afar by an orc wizard (8 damage)
             ... with a puff of flame
             ... on level 4 of the Dungeon.
             The game lasted 00:03:22 (2049 turns).

robertstho the Chiller (Gnoll Ice Elementalist)     Turns: 2049, Time: 00:03:22

Health: -5/37      AC:  2    Str: 10    XL:     5   Next: 40%
Magic:  9/12       EV: 15    Int: 19    God:
Gold:   90         SH:  0    Dex: 15    Spells: 7/14 levels left

rFire    . . .     SeeInvis .   m - +5 flail (drain)
rCold    . . .     Faith    .   (no shield)
rNeg     . . .     Spirit   .   a - +0 robe
rPois    .         Reflect  .   (no helmet)
rElec    .         Harm     .   (no cloak)
rCorr    .         Rampage  .   (no gloves)
MR       .....                  (no boots)
Stlth    +++.......             (no amulet)
HPRegen  0.12/turn              (no ring)
MPRegen  0.13/turn              (no ring)

@: frozen ramparts
A: distributed training, fangs 1, strong nose
a: no special abilities


You were on level 4 of the Dungeon.
You visited 1 branch of the dungeon, and saw 4 of its levels.

You collected 90 gold pieces.

Inventory:

Hand Weapons
 b - a +0 short sword
 m - a +5 flail of draining (weapon)
Armour
 a - a +0 robe (worn)
Jewellery
 f - an uncursed ring of flight {unknown}
Wands
 q - a wand of polymorph (12)
Scrolls
 c - a scroll of amnesia {unknown}
 e - 4 scrolls of identify {unknown}
 g - a scroll of enchant armour {unknown}
 h - a scroll of noise {unknown}
 i - a scroll of magic mapping {unknown}
 j - a scroll of enchant weapon {unknown}
 l - a scroll of fear {unknown}
 n - a scroll of remove curse {unknown}
 o - 2 scrolls of blinking {unknown}
Potions
 d - a potion of flight {unknown}
 k - 2 potions of curing
 p - a potion of brilliance {unknown}
 r - a potion of magic {unknown}


   Skills:
 + Level 1.4 Fighting
 + Level 1.4 Short Blades
 + Level 1.4 Long Blades
 + Level 1.4 Axes
 + Level 1.4 Maces & Flails
 + Level 1.4 Polearms
 + Level 1.4 Staves
 + Level 1.4 Slings
 + Level 1.4 Bows
 + Level 1.4 Crossbows
 + Level 1.4 Throwing
 + Level 1.4 Armour
 + Level 4.8 Dodging
 + Level 4.4 Stealth
 + Level 1.4 Shields
 + Level 1.4 Unarmed Combat
 + Level 5.2 Spellcasting
 + Level 1.1 Conjurations
 + Level 1.1 Hexes
 + Level 1.1 Summonings
 + Level 1.1 Necromancy
 + Level 1.1 Translocations
 + Level 1.1 Transmutations
 + Level 1.1 Fire Magic
 + Level 7.2 Ice Magic
 + Level 1.1 Air Magic
 + Level 1.1 Earth Magic
 + Level 1.1 Poison Magic
 + Level 1.6 Invocations
 + Level 1.4 Evocations


You had 7 spell levels left.
You knew the following spells:

 Your Spells              Type           Power        Failure   Level
a - Freeze                Ice            ####         1%          1
b - Frozen Ramparts       Ice            ####..       1%          3
c - Ozocubu's Armour      Ice            ####....     1%          3

Your spell library contained the following spells:

 Spells                   Type           Power        Failure   Level
 Hailstorm                Conj/Ice       ###.....     22%         4
 Summon Ice Beast         Ice/Summ       ###.....     22%         4


Dungeon Overview and Level Annotations

Branches:
Dungeon (3/15)

Altars:
Uskayaw
Zin

Annotations:
D:4 1 runed translucent door, dcgrp's ghost, amateur FoWr


Innate Abilities, Weirdness & Mutations

Your experience applies equally to all skills.
You have very sharp teeth.
Your uncanny sense of smell can sniff out nearby items.


Message History

The orc wizard casts a spell at you. The magic dart hits you.
* * * LOW HITPOINT WARNING * * *
It was a potion of curing.
You feel better. The adder skeleton bites you.
The orc wizard closely misses you.
The orc wizard hits you with a +0 dagger.
Casting: Freeze (safe; 1% risk of failure)
Confirm with . or Enter, or press ? or * to list all spells.
The walls around you are covered in ice.
The adder skeleton misses you.
The wall freezes the orc wizard.
The orc wizard hits you with a +0 dagger.
The orc wizard completely misses you. The adder skeleton closely misses you.
The wall freezes the orc wizard.
You see here a +0 flail.
The orc wizard gestures at you while chanting.
The magic dart hits you!
* * * LOW HITPOINT WARNING * * *
The orc wizard gestures at you while chanting.
The puff of flame hits you!
You die...

#P8P#<....[.#+#### ##
#####W[.#####'#....... #.
#...##+##.....#....... #..
#.............#....... #..
#............#.......
.##..##............#####>..
.........##...##...+ #...
.......o.###'###...# ####
#....o).@...##...# ∆
#....Z.......#....#
#..##........#....# #.
#........#....# ..
#..##...## .. +..##...# .
#..##...# #..##...#


You could see 2 orc wizards and an adder skeleton.

Vanquished Creatures
  A phantom (D:4)
  Terence (D:2)
  An adder (D:3)
  4 dart slugs
  A worm (D:3)
  An orc (D:4)
  3 ball pythons
  4 goblins
  A hobgoblin (D:2)
  2 jackals (D:2)
  2 quokkas (D:2)
  3 bats
  2 frilled lizards
  4 kobolds
  6 rats
36 creatures vanquished.

Notes
Turn   | Place    | Note
-------+----------+-------------------------------------------
     0 | D:1      | robertstho the Gnoll Ice Elementalist began the quest for
                  | the Orb.
     0 | D:1      | Reached XP level 1. HP: 13/13 MP: 6/6
   254 | D:1      | Reached XP level 2. HP: 20/20 MP: 7/7
  1065 | D:2      | Reached XP level 3. HP: 25/25 MP: 9/9
  1070 | D:2      | Learned a level 3 spell: Frozen Ramparts
  1074 | D:2      | Learned a level 3 spell: Ozocubu's Armour
  1141 | D:2      | Reached skill level 5 in Spellcasting
  1225 | D:2      | Found a hide-covered altar of Uskayaw.
  1297 | D:2      | Noticed Terence
  1305 | D:2      | Killed Terence
  1305 | D:2      | Reached skill level 1 in Fighting
  1305 | D:2      | Reached skill level 1 in Short Blades
  1305 | D:2      | Reached skill level 1 in Long Blades
  1305 | D:2      | Reached skill level 1 in Axes
  1305 | D:2      | Reached skill level 1 in Maces & Flails
  1305 | D:2      | Reached skill level 1 in Polearms
  1305 | D:2      | Reached skill level 1 in Staves
  1305 | D:2      | Reached skill level 1 in Slings
  1305 | D:2      | Reached skill level 1 in Bows
  1305 | D:2      | Reached skill level 1 in Crossbows
  1305 | D:2      | Reached skill level 1 in Throwing
  1305 | D:2      | Reached skill level 1 in Armour
  1305 | D:2      | Reached skill level 1 in Shields
  1305 | D:2      | Reached skill level 1 in Unarmed Combat
  1305 | D:2      | Reached skill level 1 in Invocations
  1305 | D:2      | Reached skill level 1 in Evocations
  1456 | D:2      | Reached XP level 4. HP: 32/32 MP: 11/11
  1814 | D:3      | Found a glowing silver altar of Zin.
  1906 | D:3      | You fall into a shaft and drop 1 floor!
  1912 | D:4      | Noticed a phantom
  1923 | D:4      | Killed a phantom
  1923 | D:4      | Reached skill level 1 in Conjurations
  1923 | D:4      | Reached skill level 1 in Hexes
  1923 | D:4      | Reached skill level 1 in Summonings
  1923 | D:4      | Reached skill level 1 in Necromancy
  1923 | D:4      | Reached skill level 1 in Translocations
  1923 | D:4      | Reached skill level 1 in Transmutations
  1923 | D:4      | Reached skill level 1 in Fire Magic
  1923 | D:4      | Reached skill level 1 in Air Magic
  1923 | D:4      | Reached skill level 1 in Earth Magic
  1923 | D:4      | Reached skill level 1 in Poison Magic
  1923 | D:4      | Reached XP level 5. HP: 30/37 MP: 12/12
  2028 | D:4      | Found a runed translucent door.
  2029 | D:4      | Noticed dcgrp's ghost (amateur FoWr)
  2049 | D:4      | Killed from afar by an orc wizard

Illustrated notes

Levels and vault maps discovered:
D:1:      erik_arrival_blinker_ship, layout_loops_ring, kennysheep_another_room,
          grunt_decor_junction
D:2:      layout_loops_ring, eat_drink_and_be_merry_uskayaw,
          supply_closet_lemuel, uniq_terence
D:3:      layout_loops_corners, marbit_many_paths, uniq_grinder, uniq_ijyb
D:4:      layout_gridville, gammafunk_ghost_grave, enter_ossuary_2,
          uniq_eustachio, uniq_crazy_yiuf_cottage

Skill      XL: |  1  2  3  4 |
---------------+-------------+-----
Spellcasting   | 5 |  5.2
Fighting       | 1 |  1.4
Short Blades   | 1 |  1.4
Long Blades    | 1 |  1.4
Axes           | 1 |  1.4
Maces & Flails | 1 |  1.4
Polearms       | 1 |  1.4
Staves         | 1 |  1.4
Slings         | 1 |  1.4
Bows           | 1 |  1.4
Crossbows      | 1 |  1.4
Throwing       | 1 |  1.4
Armour         | 1 |  1.4
Shields        | 1 |  1.4
Unarmed Combat | 1 |  1.4
Invocations    | 1 |  1.6
Evocations     | 1 |  1.4
Conjurations   | 1 |  1.1
Hexes          | 1 |  1.1
Summonings     | 1 |  1.1
Necromancy     | 1 |  1.1
Translocations | 1 |  1.1
Transmutations | 1 |  1.1
Fire Magic     | 1 |  1.1
Air Magic      | 1 |  1.1
Earth Magic    | 1 |  1.1
Poison Magic   | 1 |  1.1
Dodging        | |  4.8
Stealth        | |  4.4
Ice Magic      | |  7.2

Action                   |  1- 3 |  4- 6 || total
-------------------------+-------+-------++-------
Melee: Unarmed           |     4 |       ||     4
       Short sword       |    45 |       ||    45
       Bite              |     5 |     2 ||     7
       Flail             |    13 |    25 ||    38
       Punch             |     1 |       ||     1
 Cast: Freeze            |     4 |       ||     4
       Frozen Ramparts   |     2 |     1 ||     3
  Use: Potion            |       |     1 ||     1
 Stab: Sleeping          |     6 |     5 ||    11
Armor: Robe              |    15 |     3 ||    18
Dodge: Dodged            |    45 |    21 ||    66

Table legend: (Time is in decaauts)
 A = Elapsed time spent in this place.
 B = Non-inter-level travel time spent in this place.
 C = Inter-level travel time spent in this place.
 D = Time resting spent in this place.
 E = Time spent auto-exploring this place.
 F = Levels seen in this place.
 G = Mean time per level.
                   A        B        C        D        E       F      G
               +--------+--------+--------+--------+--------+-----+--------+
         Total |   2064 |   2019 |     45 |      0 |   1722 |   4 |  516.0 |
       Dungeon |   2064 |   2019 |     45 |      0 |   1722 |   4 |  516.0 |
               +--------+--------+--------+--------+--------+-----+--------+

Top non-repeatable levels by time:
     D:1: 1025 daAuts
     D:2: 752 daAuts
     D:4: 148 daAuts
     D:3: 138 daAuts
